Map: Lotv Custom - Echo LE - Archon Mode

Players

Glorious

  • Race: Zerg Zerg
  • Spawn Location: 5:00

Entropy

  • Race: Zerg Zerg
  • League: Diamond

Fantasy - Winner!

  • Race: Terran Terran
  • Spawn Location: 11:00

Hindulaatti - Winner!

  • Race: Terran Terran
  • League: Platinum

VOD

Have the link to the VOD?

Description

Time

  • Played on: June 1, 2015, 4:55 p.m.
  • Length: 10:46
Show
View Real Time Build Order
Export as new Build Order

Glorious Zerg 

Build Orders: Hatch First, Muta Ling Bane 

Get SALT Encoding   

  12  0:02  Drone  
  13  0:09  Drone  
  14  0:19  Overlord  
  14  0:49  Drone  
  15  0:51  Hatchery  
  14  1:05  Drone  
  15  1:15  Drone  
  15  1:17  Spawning Pool  
  15  1:24  Drone x2  
  17  1:26  Extractor  
  16  1:47  Drone  
  16  1:48  Overlord  
  17  1:58  Drone  
  18  2:04  Queen  
  18  2:06  Queen  
  23  2:08  Zergling x2  
  23  2:19  Drone  
  23  2:33  Drone  
  24  2:41  Drone, Overlord, Queen  
  27  2:55  Drone  
  28  3:05  Drone x2  
  29  3:06  Lair  
  29  3:12  Extractor  
  28  3:16  Drone x2  
  30  3:28  Drone x3  
  30  3:32  Metabolic Boost  
  33  3:39  Zergling x6  
  36  3:48  Drone x2, Overlord  
  38  3:56  Drone x2  
  38  3:57  Drone  
  38  4:00  Extractor  
  38  4:01  Extractor  
  39  4:05  Drone x4  
  39  4:09  Baneling Nest  
  42  4:13  Drone x2  
  44  4:22  Drone x2  
  46  4:29  Drone x3  
  49  4:34  Spire  
  48  4:42  Drone x2  
  48  4:43  Drone  
  51  4:46  Overlord  
  51  4:52  Overlord  
  51  4:53  Overlord  
  51  4:59  Centrifical Hooks  
  51  5:17  Drone x2  
  51  5:19  Overlord  
  53  5:27  Queen x2  
  57  5:30  Spore Crawler  
  57  5:33  Zergling x10, Spore Crawler  
  57  5:55  Evolution Chamber  
  56  5:58  Evolution Chamber  
  56  6:04  Pneumatized Carapace  
  54  6:28  Zergling x24  
  66  6:39  Zergling x10  
  69  6:42  Baneling x5  
  69  6:44  Zergling x8  
  73  6:48  Baneling x4  
  73  6:49  Baneling x11  
  73  6:50  Zerg Melee Weapons Level 1  
  61  7:21  Zergling x2, Mutalisk  
  61  7:22  Zergling x16  
  70  7:36  Mutalisk  
  68  7:37  Mutalisk  
  70  7:45  Baneling  
  70  7:46  Baneling x12  
  70  7:47  Baneling  
  67  7:55  Drone x2  
  68  8:04  Drone x2  
  67  8:09  Hatchery  
  63  8:14  Drone x2  
  65  8:22  Drone  
  65  8:23  Drone  
  65  8:27  Hatchery  
  64  8:29  Mutalisk x3  
  64  8:30  Mutalisk  
  64  8:33  Mutalisk  
  74  9:02  Drone  
  75  9:27  Extractor x2  
  73  9:31  Zergling x4, Mutalisk x2  
  73  9:32  Zergling x6  
  77  9:44  Drone x3  
  77  9:45  Zergling x8, Mutalisk x2  
  76  9:46  Zergling x4  
  76  9:49  Zergling x4  
  84  9:57  Drone x2  
  74  10:02  Zergling x2  
Show
View Real Time Build Order
Export as new Build Order

Entropy Zerg 

Build Orders:  

Get SALT Encoding   

Show
View Real Time Build Order
Export as new Build Order

Fantasy Terran - Winner!

Build Orders: MMM Bio 

Get SALT Encoding   

  12  0:01  SCV  
  13  0:13  SCV  
  14  0:17  Supply Depot  
  14  0:25  SCV  
  15  0:39  SCV  
  15  0:41  Barracks  
  16  0:51  SCV  
  16  0:52  Refinery  
  17  1:04  SCV  
  18  1:16  SCV  
  19  1:28  Supply Depot  
  19  1:29  Barracks  
  19  1:30  Orbital Command, Marine  
  20  1:49  Reaper  
  21  1:56  SCV, Barracks  
  22  2:09  SCV  
  23  2:19  Command Center  
  23  2:20  Marine  
  24  2:27  Marine  
  24  2:28  SCV  
  26  2:32  Supply Depot  
  26  2:40  Marine  
  26  2:43  Marine, SCV  
  29  2:44  Marine  
  30  2:56  SCV  
  31  2:59  Factory  
  31  3:00  Barracks Reactor  
  31  3:02  Barracks Reactor  
  30  3:08  SCV  
  30  3:09  Marine  
  32  3:13  Refinery  
  32  3:30  Supply Depot  
  32  3:32  Barracks Tech Lab  
  32  3:36  Marine x2  
  32  3:38  Marine x2  
  36  3:43  SCV  
  37  3:48  Factory Tech Lab  
  37  3:56  Supply Depot  
  37  3:59  Orbital Command  
  37  4:06  SCV  
  38  4:10  Cyclone, Marine x2  
  38  4:11  Marine x2  
  38  4:12  Marauder  
  38  4:14  Stimpack  
  47  4:24  Bunker  
  47  4:27  SCV x2  
  49  4:35  Marine x3  
  49  4:36  Marauder, Marine  
  55  4:43  SCV x2  
  57  4:47  Cyclone  
  57  4:50  Supply Depot  
  57  4:52  Refinery  
  60  5:01  SCV x2  
  60  5:03  Engineering Bay  
  62  5:09  Marine  
  62  5:10  Starport, Marauder, Marine x2  
  67  5:17  Supply Depot  
  67  5:21  Supply Depot  
  67  5:27  Widow Mine  
  69  5:29  SCV x2  
  69  5:32  Terran Infantry Weapons Level 1  
  71  5:48  Marine x5  
  76  5:50  SCV x2  
  76  5:53  Supply Depot  
  78  5:57  Refinery  
  78  6:03  SCV x2  
  80  6:05  Marine  
  81  6:13  Medivac  
  81  6:15  Siege Tank  
  81  6:17  Marine  
  81  6:18  Marine x3  
  90  6:19  SCV x2  
  90  6:23  Marine  
  93  6:31  SCV x2  
  95  6:35  Marine x4  
  95  6:38  Combat Shields  
  97  6:41  Marine  
  98  6:47  Supply Depot  
  98  6:48  Supply Depot  
  98  6:52  Starport Reactor  
  98  6:53  Marine x4  
  102  7:00  Command Center  
  102  7:03  Marine  
  102  7:06  Siege Tank  
  87  7:10  Armory  
  87  7:11  Marine  
  68  7:26  Marine, SCV x2  
  68  7:27  Marine x3  
  71  7:37  Terran Infantry Armor Level 1  
  71  7:38  SCV x2  
  71  7:40  Widow Mine  
  71  7:43  Medivac  
  73  7:50  SCV  
  74  7:57  Marine x4  
  74  7:58  Marine  
  79  8:13  Medivac  
  79  8:15  Medivac, Marine x5, SCV  
  79  8:19  SCV  
  90  8:28  SCV  
  90  8:31  SCV  
  90  8:32  Marine  
  90  8:33  Marine x3  
  96  8:35  Missile Turret  
  96  8:36  Unknown  
  96  8:39  Missile Turret  
  96  8:40  SCV  
  97  8:50  Marine x2  
  97  8:52  Thor  
  97  8:54  Medivac  
  104  9:11  Orbital Command  
  102  9:18  Marine x3  
  102  9:19  Marine x2  
  102  9:23  Refinery x2  
  106  9:36  Marine x5  
  111  9:43  SCV x2  
  109  9:45  SCV  
  110  9:54  Marine x2  
  110  9:55  Marine x3, SCV x2  
  110  9:56  Barracks  
  110  9:58  SCV  
  115  10:03  Medivac x2  
  115  10:04  Siege Tank  
  122  10:22  Marine x4  
  122  10:28  Supply Depot  
  119  10:29  Supply Depot  
  119  10:30  Supply Depot  
  119  10:33  Supply Depot  
  119  10:35  Barracks  
Show
View Real Time Build Order
Export as new Build Order

Hindulaatti Terran - Winner!

Build Orders:  

Get SALT Encoding   

Tags
 
Add a new tag
Caveats
  • Supply blocks, unpowered buildings, or Contaminate may cause inaccurate times.
  • Supply counts are checked every 10 seconds.